 Dungeon Crawl Stone Soup version 0.27.1 (webtiles) character file.

Game seed: 13051304374462585161

86 ZARRMARR the Conjurer (level 4, -10/28 HPs)
             Began as an Octopode Conjurer on Sept 4, 2021.
             Mangled by a wyvern zombie (12 damage)
             ... on level 3 of the Dungeon.
             The game lasted 00:05:14 (2363 turns).

ZARRMARR the Conjurer (Octopode Conjurer)           Turns: 2363, Time: 00:05:15

Health: -10/28     AC:  1    Str:  6    XL:     4   Next: 50%
Magic:  0/7        EV: 13    Int: 21    God:
Gold:   43         SH:  0    Dex: 10    Spells: 5/8 levels left

rFire    . . .     SeeInvis .   d - +1 short sword (vamp)
rCold    . . .     Faith    .   (no shield)
rNeg     . . .     Spirit   .   (helmet restricted)
rPois    .         Reflect  .   (no amulet)
rElec    .         Harm     .   (no ring)
rCorr    .         Rampage  .   (no ring)
Will     .....                  (no ring)
Stlth    +++.......             (no ring)
HPRegen  0.09/turn              (no ring)
MPRegen  0.10/turn              (no ring)
                                (no ring)
                                (no ring)

@: no status effects
A: almost no armour, amphibious, 8 rings, camouflage 1, gelatinous body 1,
(nimble swimmer 1), tentacles
a: no special abilities


You were on level 3 of the Dungeon.
You visited 1 branch of the dungeon, and saw 3 of its levels.

You collected 43 gold pieces.

Inventory:

Hand Weapons
 d - a +1 vampiric short sword (weapon)
Missiles
 e - 2 javelins (quivered)
Scrolls
 a - a scroll of amnesia {unknown}
 c - a scroll of identify {unknown}
Potions
 b - a potion of resistance {unknown}
 f - a potion of heal wounds {unknown}
 g - a potion of mutation {unknown}
 h - 2 potions of lignification {unknown}
 i - a potion of berserk rage {unknown}


   Skills:
 + Level 1.5 Fighting
 + Level 2.6 Dodging
 + Level 3.8 Stealth
 + Level 2.5 Spellcasting
 + Level 4.3 Conjurations


You had 5 spell levels left.
You knew the following spells:

 Your Spells              Type           Power      Damage    Failure   Level
a - Magic Dart            Conj           84%        1d7       2%          1
b - Searing Ray           Conj           42%        3d4       3%          2

Your spell library contained the following spells:

 Spells                   Type           Power      Damage    Failure   Level
 Dazzling Flash           Conj/Hex       22%        N/A       17%         3
 Stone Arrow              Conj/Erth      22%        3d8       17%         3
 Fulminant Prism          Conj/Hex       5%         3d7       50%         4
 Iskenderun's Mystic Bla  Conj/Tloc      11%        2d4       50%         4
 Lehudib's Crystal Spear  Conj/Erth      5%         10d3      100%        8
 Animate Armour           Summ/Erth      Unusable   N/A       N/A         4

Dungeon Overview and Level Annotations

Branches:
Dungeon (3/15)

Altars:
Trog


Innate Abilities, Weirdness & Mutations

You cannot wear most types of armour.
You are amphibious.
You can wear up to eight rings at the same time.
Your skin changes colour to match your surroundings (Stealth+).
Your rubbery body absorbs attacks. (AC +1, EV +1)
((You are camouflaged near water. (Stealth+)))
You have tentacles for arms and can constrict up to eight enemies at once.


Message History

The wyvern zombie is lightly damaged.
Casting: Magic Dart (safe; 2% risk of failure)
Confirm with . or Enter, or press ? or * to list all spells.
Aiming: Searing Ray (safe; 3% risk of failure)
Press: ? - help, Shift-Dir - straight line, f/p - wyvern zombie
Aim: a wyvern zombie (lightly damaged, 92% to hit)
The searing ray hits the wyvern zombie!
The wyvern zombie is lightly damaged. (Press . to maintain the ray.)
The searing ray hits the wyvern zombie!
The wyvern zombie is moderately damaged.
Casting: Searing Ray (safe; 3% risk of failure)
Confirm with . or Enter, or press ? or * to list all spells.
Restarting spell: Searing Ray (safe; 3% risk of failure)
Press: ? - help, Shift-Dir - straight line, f/p - wyvern zombie
Aim: a wyvern zombie (moderately damaged, 92% to hit)
The searing ray hits the wyvern zombie!
The wyvern zombie is heavily damaged. (Press . to maintain the ray.)
The wyvern zombie barely misses you. The wyvern zombie misses you.
You hit the wyvern zombie.
The wyvern zombie is heavily damaged.
The wyvern zombie barely misses you.
You hit the wyvern zombie.
You squeeze the wyvern zombie, but do no damage.
The wyvern zombie is severely damaged.
The wyvern zombie bites you!
Unknown command.
The wyvern zombie misses you. The wyvern zombie bites you!
* * * LOW HITPOINT WARNING * * *
Casting: Searing Ray (safe; 3% risk of failure)
Confirm with . or Enter, or press ? or * to list all spells.
Aiming: Magic Dart (safe; 2% risk of failure)
Press: ? - help, Shift-Dir - straight line, f/p - wyvern zombie
Aim: a wyvern zombie (severely damaged, 100% to hit)
The magic dart hits the wyvern zombie but does no damage.
The wyvern zombie is severely damaged.
The wyvern zombie bites you!
You die...

.......# .#
...#..###.#.
.....#.....
#....#.#...
#..........
#........#.
#..........
#..Z...#...
#..@.......
#.#.####...#.#.#.
...............#
#.#.####.......###
#.#...............
#..............##
#.######.......#
########.#.#.#
...........#.#


You could see a wyvern zombie.

Vanquished Creatures
  4 adders (D:2)
  A worm (D:2)
  2 dart slugs (D:2)
  2 ball pythons (D:2)
  6 endoplasms
  2 giant cockroaches
  3 goblins
  5 quokkas
  5 bats
  A frilled lizard (D:1)
  4 kobolds
  11 rats
46 creatures vanquished.

Notes
Turn   | Place    | Note
-------+----------+-------------------------------------------
     0 | D:1      | ZARRMARR the Octopode Conjurer began the quest for the Orb.
     0 | D:1      | Reached XP level 1. HP: 11/11 MP: 3/3
   336 | D:1      | Reached XP level 2. HP: 18/18 MP: 3/5
  1198 | D:1      | Learned a level 2 spell: Searing Ray
  1208 | D:2      | Reached XP level 3. HP: 22/22 MP: 3/6
  1209 | D:2      | Reached skill level 1 in Fighting
  1282 | D:2      | Found a bloodstained altar of Trog.
  1489 | D:2      | Found a faded altar of an unknown god.
  1761 | D:2      | Reached XP level 4. HP: 28/28 MP: 3/7
  2363 | D:3      | Mangled by a wyvern zombie

Illustrated notes

Levels and vault maps discovered:
D:1:      dpeg_arrival_signposts, layout_basic
D:2:      minmay_diamond_boxcup, layout_rooms,
          hellmonk_ecumenical_altar_zigzags, basic_altar, st_stairs_5
D:3:      layout_basic, grunt_gozag_statues, uniq_robin

Skill      XL: |  1  2  3 |
---------------+----------+-----
Stealth        | 3 |  3.8
Fighting       | 1 |  1.5
Dodging        | |  2.6
Spellcasting   | |  2.5
Conjurations   | |  4.3

Action                   |  1- 3 |  4- 6 || total
-------------------------+-------+-------++-------
Melee: Short sword       |     7 |     8 ||    15
       Constrict         |     3 |     1 ||     4
       Tentacles         |       |     1 ||     1
 Cast: Magic Dart        |    74 |    14 ||    88
       Searing Ray       |     1 |     7 ||     8
 Stab: Sleeping          |       |     1 ||     1
Dodge: Dodged            |     4 |     6 ||    10
